Construct Infanterie Kompanie
Selects Luftwaffe Battlegroup
Selects Fallschirmpioneer Squad Paradrop
Fallschirmpioneer Squad Paradrop
Selects LG40 Recoilless Launcher Paradrop
Fallschirmpioneer Squad Paradrop
LG40 Recoilless Launcher Paradrop
Infanterie Officer Quarters
Selects Reconnaissance Run
LG40 Recoilless Launcher Paradrop
Construct Panzer Kompanie
Selects Infantry Reserves
Selects Fallschirmjäger Squad Paradrop